 Dungeon Crawl Stone Soup version 0.28.0-1-gb440e238dd (console) character file.

Game seed: 14464494689868943945

6358 Cab the Cleaver (level 10, -1/71 HPs)
             Began as a Demonspawn Fighter on Feb 19, 2022.
             Was an Elder of Okawaru.
             Slain by an orc knight (25 damage)
             ... in a bailey.
             The game lasted 00:30:53 (8207 turns).

Cab the Cleaver (Demonspawn Fighter)                Turns: 8207, Time: 00:30:54

Health: -1/71      AC: 17    Str: 21    XL:     10   Next: 65%
Magic:  10/10      EV: 23    Int:  9    God:    Okawaru [****..]
Gold:   476        SH:  5    Dex: 13    Spells: 9/9 levels left

rFire   . . .      SeeInvis .   a - +0 war axe (vamp)
rCold   . . .      Faith    .   c - +0 buckler
rNeg    . . .      Spirit   .   y - +1 chain mail {Will+}
rPois   .          Reflect  .   (no helmet)
rElec   .          Harm     .   (no cloak)
rCorr   .          Rampage  .   i - +0 pair of gloves
Will    ++...                   (no boots)
Stlth   ..........              u - amulet of the acrobat
HPRegen 0.21/turn               k - ring of willpower
MPRegen 0.12/turn               b - +4 ring of protection

@: acrobatic
A: icy blue scales 1, ignite blood 1, spiny 1
a: Renounce Religion, Heroism, Finesse


You were in a bailey.
You worshipped Okawaru.
Okawaru was greatly pleased with you.
You visited 2 branches of the dungeon, and saw 9 of its levels.
You also visited: Bailey.

You collected 476 gold pieces.

Inventory:

Hand Weapons
 a - a +0 vampiric war axe (weapon)
Armour
 c - a +0 buckler (worn)
 i - a +0 pair of gloves (worn)
 j - the +3 hat of Pondering {ponderous, Will+ MP+10 Int+5}
   (You took it off Gastronok on level 8 of the Dungeon)

   Int:       It affects your intelligence (+5).
   MP:        It affects your magic capacity (+10).
   Will:      It increases your willpower.
 y - a +1 chain mail of willpower (worn)
Jewellery
 b - a +4 ring of protection (right hand)
 k - a ring of willpower (left hand)
 o - a ring of protection from cold
 u - an amulet of the acrobat (around neck)
Wands
 h - a wand of acid (2)
 n - a wand of flame (6)
 p - a wand of polymorph (9)
Scrolls
 e - 4 scrolls of teleportation
 g - a scroll of immolation
 l - a scroll of enchant weapon {unknown}
 q - a scroll of torment {unknown}
 s - a scroll of acquirement {unknown}
 v - a scroll of silence {unknown}
 w - a scroll of holy word {unknown}
Potions
 d - 3 potions of brilliance
 f - 3 potions of flight
 m - a potion of mutation
 r - a potion of invisibility
 t - 2 potions of heal wounds
 x - a potion of curing


   Skills:
 - Level 4.0 Fighting
 + Level 13.7 Axes
 - Level 4.2 Armour
 - Level 2.0 Dodging
 - Level 0.2 Stealth
 - Level 3.7 Shields
 - Level 0.1 Unarmed Combat
 + Level 0.2 Invocations
 - Level 1.2 Evocations


You had 9 spell levels left.
You didn't know any spells.
Your spell library contained the following spells:

 Spells                   Type           Power      Damage    Failure   Level
 Ensorcelled Hibernation  Hex/Ice        0%         N/A       100%        2
 Passwall                 Tmut/Erth      0%         N/A       100%        2
 Gell's Gravitas          Tloc           0%         N/A       100%        3
 Lesser Beckoning         Tloc           0%         N/A       100%        3
 Swiftness                Air            0%         N/A       100%        3
 Teleport Other           Tloc           0%         N/A       100%        3
 Fulminant Prism          Conj/Hex       0%         3d6       100%        4
 Iskenderun's Mystic Bla  Conj/Tloc      0%         2d3       100%        4
 Lee's Rapid Deconstruct  Erth           0%         3d5*      100%        5


Dungeon Overview and Level Annotations

Branches:
Dungeon (8/15)             Temple (1/1) D:4          Bailey (1/1)
   Lair: D:8-11

Altars:
Ashenzari
Elyvilon
Fedhas
Hepliaklqana
Makhleb
Okawaru
Ru
Sif Muna
Vehumet
Wu Jian
Zin

Shops:
D:5 ([(=   D:8 :

Annotations:
D:5 2 transporters, Longtemps's ghost, novice OpFE
D:8 Maurice


Innate Abilities, Weirdness & Mutations

You are partially covered in icy blue scales. (AC +2)
Your demonic aura sometimes causes spilled blood to erupt in flames.
You are partially covered in sharp spines.


Message History

Press: ? - help, Shift-Dir - straight line, f/p - orc knight
Aim: an orc knight, wielding a +0 war axe and wearing a +0 ring mail (lightly wounded, will become a polar bear, a black bear, or a death drake, chance to affect: 34%)
The orc warrior evaporates and reforms as a black bear!
Aiming: Polymorph
Press: ? - help, Shift-Dir - straight line, f/p - orc knight
Aim: an orc knight, wielding a +0 war axe and wearing a +0 ring mail (lightly wounded, will become a polar bear, a black bear, or a death drake, chance to affect: 34%)
The orc knight easily resists.
The sentinel's mark upon you fades away.
Press: ? - help, v - describe, . - travel
Here: a black bear (lightly wounded)
The floor.
The black bear is struck by your spines.
The black bear misses you. The black bear barely misses you.
You block the black bear's attack.
The black bear is struck by your spines.
The black bear misses you.
The black bear claws you but does no damage. x2
The black bear bites you but does no damage.
The black bear closely misses you.
The black bear claws you but does no damage.
Press: ? - help, v - describe, . - travel
Here: a black bear (heavily wounded)
The floor.
The black bear is struck by your spines.
The black bear misses you. The black bear barely misses you.
You block the black bear's attack.
The orc knight is struck by your spines.
The orc knight completely misses you.
The orc knight roars a battlecry!
The orc knight goes into a battle-frenzy!
The orc knight throws a stone.
The stone hits you!
The black bear is struck by your spines.
The black bear barely misses you. The black bear closely misses you.
The black bear misses you.
The orc knight roars a battlecry!
The orc knight goes into a battle-frenzy!
The orc knight throws a stone.
The stone misses you.
The orc knight throws a stone.
You block the stone.
The black bear goes berserk!
The orc knight hits you with a +0 war axe!!
You die...

∙∙∙∙o∙∙∙∙∙▒▒▒∙∙∙∙∙∙ ▒
▒▒▒▒'▒▒▒▒∙∙▒∙∙∙∙(≈≈≈ ≈▒▒
▒∙∙∙∙∙∙∙▒▒▒▒o≈≈≈≈≈≈≈
≈≈≈K▒∙∙∙[∙∙∙▒K≈≈≈≈≈≈≈∙∙∙
≈≈≈≈▒▒▒▒▒▒▒▒▒≈≈≈≈≈∙∙∙∙∙∙
≈≈≈≈≈≈≈≈≈≈≈≈≈≈∙∙∙∙∙∙∙▒
▒≈≈≈≈≈≈≈≈≈∙∙∙)()∙∙▒▒▒
▒∙∙∙∙∙∙∙∙∙∙∙∙∙▒▒▒▒
▒∙@∩∙∙∙∙∙∙▒▒▒▒
▒▒∙∙o∙∙∙∙▒▒▒ ▒▒∙ho∙∙▒▒▒▒
▒▒∙∙∙▒▒▒▒ ▒▒▒K∙∙▒▒
▒▒∙∙∙∙∙▒▒ ▒▒∙∙∙∙)∙∙▒▒
▒∙∙∙∙∙∙∙∙∙▒ ▒∙∙∙∙∩∙∙∙∙▒


You could see 2 orc knights, a black bear (berserk) and 2 kobolds.

Vanquished Creatures
  Gastronok (D:8)
  A two-headed ogre (D:8)
  Pikel (D:8)
  An orc knight (Bailey)
  Maggie (D:8)
  Grinder (D:3)
  A steam dragon (D:7)
  3 water moccasins
  A black bear (D:7)
  5 orc warriors
  3 ice beasts
  A necrophage (D:7)
  5 ogres
  A centaur (D:7)
  4 lemures (D:8)
  2 phantoms
  2 kobold brigands (D:3)
  3 bullfrogs
  A wyvern zombie (D:7)
  A gnoll sergeant (D:5)
  A scorpion (D:6)
  A water moccasin skeleton (D:5)
  A wyvern skeleton (D:5)
  2 hounds
  3 orc priests
  3 centaur zombies
  A centaur skeleton (D:3)
  2 iguanas
  A jelly (D:6)
  Natasha (twice) (D:2)
  Terence (D:2)
  4 orc wizards
  2 killer bee zombies (D:5)
  A hound skeleton (D:5)
  3 gnolls (D:5)
  4 adders
  An adder skeleton (D:4)
  A worm (D:3)
  A dart slug (D:1)
  23 orcs
  5 bats
  5 endoplasms
  3 giant cockroaches
  10 goblins
  17 hobgoblins
  7 jackals
  21 kobolds
  A quokka (D:1)
  5 ball pythons
  7 rats
178 creatures vanquished.

Vanquished Creatures (others)
  7 plants (Temple)
  A withered plant (D:3)
8 creatures vanquished.

Grand Total: 186 creatures vanquished

Notes
Turn   | Place    | Note
-------+----------+-------------------------------------------
     0 | D:1      | Cab the Demonspawn Fighter began the quest for the Orb.
     0 | D:1      | Reached XP level 1. HP: 18/18 MP: 1/1
   229 | D:1      | Gained mutation: You are partially covered in icy blue
                  | scales. (AC +2) [demonic ancestry]
   229 | D:1      | Reached XP level 2. HP: 14/24 MP: 2/2
   373 | D:1      | Reached skill level 2 in Axes
   909 | D:1      | Reached XP level 3. HP: 29/29 MP: 3/3
  1381 | D:2      | Noticed Terence
  1393 | D:2      | Killed Terence
  1821 | D:2      | Found a blossoming altar of Fedhas.
  1974 | D:2      | Noticed Natasha
  1982 | D:2      | Killed Natasha
  1983 | D:2      | Gained mutation: You are partially covered in sharp spines.
                  | [demonic ancestry]
  1983 | D:2      | Reached XP level 4. HP: 31/35 MP: 4/4
  2177 | D:3      | Noticed Grinder
  2377 | D:2      | Noticed Natasha
  2386 | D:2      | Killed Natasha
  2387 | D:2      | Reached skill level 3 in Axes
  2505 | D:3      | Found a faded altar of an unknown god.
  2842 | D:3      | Reached XP level 5. HP: 39/41 MP: 5/5
  2933 | D:3      | Paralysed by Grinder for 2 turns
  2937 | D:3      | Reached skill level 1 in Dodging
  2951 | D:3      | Paralysed by Grinder for 4 turns
  3223 | D:3      | Killed Grinder
  3224 | D:3      | Reached skill level 4 in Axes
  3224 | D:3      | Reached XP level 6. HP: 17/48 MP: 6/6
  3443 | D:3      | Reached skill level 1 in Evocations
  3810 | D:3      | Reached XP level 7. HP: 40/53 MP: 7/7
  3975 | D:4      | Reached skill level 5 in Axes
  4112 | D:4      | Found a staircase to the Ecumenical Temple.
  4252 | D:4      | Reached skill level 6 in Axes
  4653 | D:5      | Entered Level 5 of the Dungeon
  4697 | D:5      | Found a transporter.
  4699 | D:5      | Noticed Longtemps's ghost (novice OpFE)
  4700 | D:5      | Found a transporter.
  4783 | D:5      | Gained mutation: Your demonic aura sometimes causes spilled
                  | blood to erupt in flames. [demonic ancestry]
  4783 | D:5      | Reached XP level 8. HP: 59/60 MP: 8/8
  4875 | D:5      | Found a burning altar of Makhleb.
  4966 | D:5      | Reached skill level 7 in Axes
  5031 | D:5      | Found Guilam's Antique Weapon Shoppe.
  5335 | D:5      | Found Cur Ezxawk's Antique Weapon Emporium.
  5395 | D:5      | Found Cueskiga's Armour Emporium.
  5464 | D:5      | Reached skill level 8 in Axes
  5490 | D:5      | Found Soapt's Jewellery Emporium.
  6144 | D:6      | Reached skill level 9 in Axes
  6197 | D:6      | Reached XP level 9. HP: 58/65 MP: 9/9
  6385 | Temple   | Entered the Ecumenical Temple
  6491 | Temple   | Became a worshipper of Warmaster Okawaru
  6757 | D:7      | Reached skill level 10 in Axes
  7061 | D:7      | Reached * piety under Okawaru
  7083 | D:7      | Reached skill level 11 in Axes
  7439 | D:8      | Found Xid Tud's Book Shop.
  7460 | D:8      | Noticed a two-headed ogre
  7487 | D:8      | Killed a two-headed ogre
  7487 | D:8      | Reached ** piety under Okawaru
  7711 | D:8      | Noticed Gastronok
  7737 | D:8      | Killed Gastronok
  7737 | D:8      | Reached *** piety under Okawaru
  7738 | D:8      | Reached skill level 12 in Axes
  7738 | D:8      | Reached XP level 10. HP: 37/71 MP: 10/10
  7805 | D:8      | Noticed Pikel
  7822 | D:8      | Killed Pikel
  7823 | D:8      | Reached skill level 13 in Axes
  7867 | D:8      | Noticed Maggie
  7874 | D:8      | Killed Maggie
  7874 | D:8      | Reached **** piety under Okawaru
  7889 | D:8      | Found a flagged portal.
  7889 | D:8      | Noticed Maurice
  7895 | Bailey   | Entered a bailey
  7997 | Bailey   | Noticed an orc knight
  8011 | Bailey   | Killed an orc knight
  8143 | Bailey   | Noticed an orc knight
  8149 | Bailey   | Noticed an orc knight
  8207 | Bailey   | Slain by an orc knight

Illustrated notes

Levels and vault maps discovered:
D:1:      dpeg_cavernosity, layout_basic
D:2:      layout_loops_cross, basic_altar, uniq_terence, uniq_natasha
D:3:      cheibrodos_thug_alley, layout_loops_ring,
          ebering_ecumenical_altar_petrified, uniq_grinder
D:4:      layout_cave_pools, minmay_temple_entry_tees
D:5:      layout_basic, makhleb_blood_cavern_becter, gammafunk_ghost_mausoleum,
          serial_shops, nicolae_diamond_shop, shop_fountains,
          nicolae_shop_hallway_plus, kennysheep_mini, minivault_19
D:6:      layout_rooms
D:7:      layout_cave_pools
D:8:      layout_loops_cross, enter_bailey_3, serial_shops, nicolae_shop_trees,
          due_unseen_surprise, uniq_maurice, uniq_gastronok, uniq_pikel,
          uniq_psyche, uniq_maggie
Temple:   mainiacjoe_temple_circle_huts
Bailey:   bailey_axe_4, bailey

Skill      XL: |  1  2  3  4  5  6  7  8  9 10 |
---------------+-------------------------------+-----
Axes           | 2 3 4 6 9 12 13 | 13.7
Shields        | 3 |  3.7
Armour         | 3 4 |  4.2
Dodging        | 1 2 |  2.0
Evocations     | 1 |  1.2
Fighting       | 4 |  4.0
Stealth        | |  0.2
Unarmed Combat | |  0.1
Invocations    | |  0.2

Action                   |  1- 3 |  4- 6 |  7- 9 | 10-12 || total
-------------------------+-------+-------+-------+-------++-------
Melee: War axe           |   103 |    75 |   271 |    78 ||   527
       Unarmed           |       |     1 |       |       ||     1
Invok: Heroism           |       |       |       |     1 ||     1
Evoke: Wand              |     2 |    11 |    14 |     9 ||    36
  Use: Potion            |       |     3 |     1 |       ||     4
       Scroll            |       |     3 |     8 |       ||    11
Armor: Scale mail        |    57 |    31 |    40 |       ||   128
       Skin              |       |     7 |       |       ||     7
       Chain mail        |       |       |    69 |    45 ||   114
Dodge: Dodged            |    37 |    42 |   110 |    68 ||   257
Block: Buckler           |    19 |    20 |    54 |    22 ||   115
